 Dungeon Crawl Stone Soup version 0.24.0-13-gcf9b319 (webtiles) character file.

Game seed: 6632625560709890264, levelgen mode: deterministic

169 Fang the Skirmisher (level 5, -4/33 HPs)
             Began as a Gargoyle Berserker on Nov 21, 2019.
             Was a Believer of Trog.
             Slain by a gnoll
             ... wielding a +0 halberd
              (6 damage)
             ... on level 3 of the Dungeon.
             The game lasted 00:02:35 (1969 turns).

Fang the Skirmisher (Gargoyle Berserker)            Turns: 1969, Time: 00:02:35

Health: -4/33      AC: 15    Str: 22    XL:     5   Next: 50%
Magic:  5/5        EV: 12    Int:  7    God:    Trog [**....]
Gold:   142        SH:  0    Dex: 14    Spells: 4/4 levels left

rFire    . . .     SeeInvis .   a - +0 war axe
rCold    . . .     Gourm    .   (no shield)
rNeg     + . .     Faith    .   b - +0 plate armour
rPois    ∞         Spirit   .   (no helmet)
rElec    +         Reflect  .   (no cloak)
rCorr    .         Harm     .   (no gloves)
MR       .....                  (no boots)
Stlth    ..........             (no amulet)
HPRegen  0.11/turn              (no ring)
MPRegen  0.09/turn              (no ring)

@: agile, berserk cooldown, slowed, lightly drained, very slow
A: negative energy resistance 1, electricity resistance, unbreathing,
petrification resistance, rot immunity, AC +4
a: Berserk, Trog's Hand, Renounce Religion


You were on level 3 of the Dungeon.
You worshipped Trog.
Trog was pleased with you.
You were hungry.

You visited 1 branch of the dungeon, and saw 3 of its levels.

You collected 142 gold pieces.

Inventory:

Hand Weapons
 a - a +0 war axe (weapon)
Armour
 b - a +0 plate armour (worn)
Jewellery
 i - a +2 ring of protection {unknown}
 k - an uncursed amulet of magic regeneration {unknown}
Scrolls
 d - a scroll of amnesia {unknown}
 j - a scroll of identify {unknown}
 m - a scroll of enchant armour {unknown}
 o - a scroll of fog {unknown}
Potions
 e - 2 potions of flight {unknown}
 f - a potion of curing {unknown}
 g - a potion of agility
 l - a potion of ambrosia {unknown}
 n - a potion of cancellation {unknown}
Comestibles
 c - 2 rations
 h - 8 chunks of flesh


   Skills:
 + Level 4.3(3.8) Fighting
 + Level 3.5(3.1) Axes
 + Level 3.5(3.1) Armour
 + Level 2.6(2.2) Dodging


You had 4 spell levels left.
You didn't know any spells.
Your spell library was empty.

Dungeon Overview and Level Annotations

Branches:
Dungeon (3/15)

Altars:
Hepliaklqana

Annotations:
D:3 2 transporters, Badplus017's ghost, amateur DEFE


Innate Abilities, Weirdness & Mutations

You are resistant to torment.
Your stone body is resilient. (AC +4)
You are immune to poison.
You resist negative energy. (rN+)
You are resistant to electric shocks. (rElec)
You can survive without breathing.
You are immune to petrification.
You are immune to rotting.


Message History

You hit the gnoll but do no damage. The gnoll hits you with a +0 club.
* * * LOW HITPOINT WARNING * * *
The gnoll closely misses you. The gnoll hits you but does no damage.
The gnoll barely misses you. x3; The gnoll hits you but does no damage.
The orc hits you but does no damage. The gnoll hits you with a +0 spear.
* * * LOW HITPOINT WARNING * * *
You hit the gnoll but do no damage.
The gnoll is heavily wounded.
You slash the gnoll! You slash the orc!
You kill the orc!
Trog accepts your kill.
You closely miss the gnoll. You slash the gnoll!
The gnoll hits you but does no damage. x3
The gnoll hits you with a +0 halberd.
* * * LOW HITPOINT WARNING * * *
The gnoll hits you but does no damage. x3
It was a potion of agility.
You feel agile all of a sudden. The gnoll hits you with a +0 halberd.
You die...

........# ........#
........# ........#
.......# ........#
.......## ..########
#....... ..# ##8###8##
#.....# #.
..##8...8...8##.g...#...
#.##.........##ggg....#
#.#>........(_#.@)....#
..##.........##..g....#
..##8...8...8###.##...#
..# ##8###8# ##..#.#.#
..#############.......#
.....###..#.............
.....##..##...........##
.....##.###...........#
...................)..#


You could see 4 gnolls and a goblin.

Vanquished Creatures
  A jelly (D:3)
  An orc wizard (D:2)
  3 adders (D:2)
  An ooze (D:1)
  4 dart slugs
  A leopard gecko (D:3)
  6 orcs
  5 giant cockroaches
  7 goblins
  4 hobgoblins
  7 jackals
  6 kobolds
  2 quokkas
  5 bats
  7 frilled lizards
  6 rats
66 creatures vanquished.

Notes
Turn   | Place    | Note
-------+----------+-------------------------------------------
     0 | D:1      | Fang the Gargoyle Berserker began the quest for the Orb.
     0 | D:1      | Reached XP level 1. HP: 14/14 MP: 1/1
   162 | D:1      | Reached XP level 2. HP: 17/19 MP: 2/2
   506 | D:1      | Reached XP level 3. HP: 23/23 MP: 3/3
  1098 | D:2      | Reached XP level 4. HP: 24/29 MP: 4/4
  1109 | D:2      | Reached ** piety under Trog
  1109 | D:2      | Reached skill level 4 in Fighting
  1397 | D:2      | Reached XP level 5. HP: 31/33 MP: 5/5
  1726 | D:3      | Found a transporter.
  1726 | D:3      | Found a transporter.
  1726 | D:3      | Noticed Badplus017's ghost (amateur DEFE)
  1953 | D:3      | Found a hazy altar of Hepliaklqana.
  1969 | D:3      | Slain by a gnoll

Levels and vault maps discovered:
D:1:      wander_arrival_fairy_ring, layout_basic
D:2:      layout_loops_cross
D:3:      layout_rooms, nicolae_overflow_hidden_temple,
          gammafunk_ghost_mausoleum, uniq_jessica

Skill      XL: |  1  2  3  4 |
---------------+-------------+-----
Dodging        | 2 |  2.6
Axes           | 3 |  3.5
Armour         | 3 |  3.5
Fighting       | 4 |  4.3

Action                   |  1- 3 |  4- 6 || total
-------------------------+-------+-------++-------
Melee: Hand axe          |   101 |   105 ||   206
       War axe           |       |     9 ||     9
Invok: Berserk           |       |     1 ||     1
  Use: Potion            |       |     1 ||     1
  Eat: Chunk             |     1 |     3 ||     4
Armor: Animal skin       |    36 |       ||    36
       Plate armour      |    23 |   112 ||   135
       Chain mail        |    11 |       ||    11
Dodge: Dodged            |    77 |    58 ||   135
